 Dungeon Crawl Stone Soup version 0.17-a0-1176-g3d5a0d0 (webtiles) character file.

106 Solfyre the Skirmisher (level 5, -3/34 HPs)
             Began as a Kobold Berserker on May 30, 2015.
             Was a Believer of Trog.
             Slain by Sigmund
             ... wielding a +0 scythe
              (10 damage)
             ... on level 2 of the Dungeon.
             The game lasted 00:36:16 (3601 turns).

Solfyre the Skirmisher (Kobold Berserker)           Turns: 3601, Time: 00:36:16

Health: -3/34      AC:  7    Str: 17    XL:     5   Next: 10%
Magic:  5/5        EV: 16    Int:  5    God:    Trog [**....]
Gold:   88         SH:  0    Dex: 15    Spells: 0 memorised, 4 levels left

rFire  . . .     SeeInvis .     a - +0 dagger (protect)
rCold  . . .     Clarity  .     z - +0 animal skin
rNeg   . . .     SustAt   .     (shield restricted)
rPois  .         Gourm    .     (no helmet)
rElec  .         Spirit   .     (no cloak)
rCorr  .         Warding  .     (no gloves)
rMut   .         Stasis   .     (no boots)
MR     .....                    (no amulet)
Stlth  +++.......               (no ring)
                                (no ring)

@: not resistant to hostile enchantments, fairly stealthy
A: carnivore 3
a: Burn Spellbooks, Berserk, Trog's Hand, Renounce Religion


You were on level 2 of the Dungeon.
You worshipped Trog.
Trog was pleased with you.
You were very full.

You visited 1 branch of the dungeon, and saw 4 of its levels.

You collected 88 gold pieces.

Inventory:

Hand weapons
 a - a +0 dagger of protection (weapon)
 b - a +0 hunting sling
 d - a +0 whip
 p - a +1 war axe of chopping
 q - a +0 dagger
 r - a +0 short sword
 v - a +0 dagger
 y - a +0 short sword
 A - a +0 dagger
Missiles
 l - 84 stones (quivered)
 w - 12 bolts
Armour
 j - a +0 robe
 t - a +0 robe
 z - a +0 animal skin (worn)
Magical devices
 u - a wand of frost (20)
Scrolls
 e - 2 scrolls of identify {unknown}
 f - a scroll of magic mapping {unknown}
 i - a scroll of teleportation {unknown}
 k - 2 scrolls of fog {unknown}
 n - a scroll of remove curse {unknown}
 o - a scroll of fear {unknown}
Potions
 h - a potion of cure mutation {unknown}
 m - 2 potions of lignification {unknown}
 s - a potion of ambrosia {unknown}
 x - a potion of agility {unknown}
 B - a potion of degeneration {unknown}
 C - a potion of brilliance {unknown}
Comestibles
 c - 2 meat rations
 g - a beef jerky


   Skills:
 * Level 4.5 Fighting
 - Level 4.0 Short Blades
 - Level 1.5 Armour
 + Level 3.2 Dodging
 * Level 3.9 Stealth


You had 4 spell levels left.
You didn't know any spells.

Dungeon Overview and Level Annotations

Branches:
Dungeon (4/15)
 Temple: D:4-7

Altars:
Elyvilon
Makhleb
Trog
Xom

Annotations:
D:2 Sigmund


Innate Abilities, Weirdness & Mutations

You are small and have problems with some larger weapons.
You are carnivorous and can eat meat at any time.


Message History

You barely miss Sigmund.
Sigmund is heavily wounded.
Sigmund closely misses you.
You hit Sigmund.
Sigmund is heavily wounded.
You hit Sigmund but do no damage.
Sigmund is heavily wounded.
Sigmund completely misses you.
You hit Sigmund.
Sigmund is heavily wounded.
You hit Sigmund.
Sigmund is severely wounded.
Sigmund casts a spell.
Sigmund flickers and vanishes!
Deactivating autopickup; reactivate with Ctrl-A.
You miss something. Something hits you!
* * * LOW HITPOINT WARNING * * *
You barely miss something. You hit something but do no damage.
Something hits you!
You die...

#########
#.......#
#.......#
#.......#
#.......#
#.......#
######.......#
#####...##.....{.#
....'...'.......@#
.####...######'###
.# #.(.# #.# .#
#...# #.# .# #...#
#.#
.####...######.#
...............#
..##.#'#########
.....#.#


There were no monsters in sight!

Vanquished Creatures
  5 adders
  2 oozes
  4 worms
  2 giant geckos (D:2)
  2 orcs (D:3)
  4 bats
  5 giant cockroaches
  A goblin (D:2)
  7 hobgoblins
  4 kobolds
  4 giant newts
  5 rats
  A plant (D:1)
46 creatures vanquished.

Notes
Turn   | Place    | Note
--------------------------------------------------------------
     0 | D:1      | Solfyre the Kobold Berserker began the quest for the Orb.
     0 | D:1      | Reached XP level 1. HP: 14/14 MP: 1/1
   110 | D:2      | Reached XP level 2. HP: 18/20 MP: 2/2
   304 | D:2      | Reached skill level 1 in Stealth
  1015 | D:1      | Reached XP level 3. HP: 24/24 MP: 3/3
  1123 | D:2      | Noticed Sigmund
  1502 | D:2      | Acquired Trog's second power
  1585 | D:2      | Reached XP level 4. HP: 18/29 MP: 4/4
  1633 | D:2      | Found a bloodstained altar of Trog.
  1633 | D:2      | Found a white marble altar of Elyvilon.
  1920 | D:3      | Found a shimmering altar of Xom.
  3145 | D:3      | Found a burning altar of Makhleb.
  3313 | D:3      | Reached XP level 5. HP: 34/34 MP: 5/5
  3601 | D:2      | Slain by Sigmund

Vault maps used:
D:1:      dpeg_arrival_round_c, serial_forest, infiniplex_forest_clump_diagonal,
          infiniplex_forest_lined_3_way, infiniplex_forest_zigzag_1,
          infiniplex_forest_clump_curved, infiniplex_forest_clump_cross,
          infiniplex_forest_lined_1, infiniplex_forest_clump_small,
          infiniplex_forest_join, infiniplex_forest_join,
          roderic_serpentine_path
D:2:      gammafunk_temple_overflow_pools, first_bread, uniq_sigmund
D:3:      bloody_makhleb, lemuel_statue_altar
D:4:      minmay_door_path, fedhas_altar_4, kennysheep_little_box,
          temple_statues

Action                   |  1- 3 |  4- 6 || total
-------------------------+-------+-------++-------
Melee: Short sword       |   195 |    52 ||   247
       Dagger            |       |    51 ||    51
 Fire: Hunting sling     |       |     8 ||     8
Throw: Stone             |       |     5 ||     5
Evoke: Wand              |       |     2 ||     2
 Stab: Sleeping          |     9 |     2 ||    11
       Distracted        |     2 |       ||     2
  Eat: Chunk             |    11 |     5 ||    16
